 Dungeon Crawl Stone Soup version 0.21.0-3-g78d12a8 (webtiles) character file.

110 CanOfBees the Firebug (level 4, -12/32 HPs)
             Began as a Demonspawn Fire Elementalist on Jan 17, 2018.
             Mangled by an ogre
             ... wielding a +0 giant club
              (19 damage)
             ... on level 2 of the Dungeon.
             The game lasted 00:04:59 (2552 turns).

CanOfBees the Firebug (DsFE)                        Turns: 2552, Time: 00:05:00

Health: -12/32     AC:  3    Str: 10    XL:     4   Next: 61%
Magic:  0/8        EV: 12    Int: 16    God:
Gold:   117        SH:  0    Dex: 13    Spells: 3/9 levels left

rFire    . . .     SeeInvis .   g - +0 spear
rCold    . . .     Gourm    .   (no shield)
rNeg     . . .     Faith    .   a - +0 robe
rPois    .         Spirit   +   (no helmet)
rElec    .         Reflect  .   e - +0 cloak
rCorr    .         Harm     .   (no gloves)
MR       .....                  (no boots)
Stlth    ++........             (no amulet)
HPRegen  0.10/turn              (no ring)
MPRegen  0.11/turn              (no ring)

@: no status effects
A: spiny 1, magic shield
a: no special abilities


You were on level 2 of the Dungeon.
You were not hungry.

You visited 1 branch of the dungeon, and saw 2 of its levels.

You collected 117 gold pieces.

Inventory:

Hand Weapons
 g - a +0 spear (weapon)
Armour
 a - a +0 robe (worn)
 e - a +0 cloak (worn)
 h - a +0 ring mail
Jewellery
 l - an uncursed ring of wizardry {unknown}
Scrolls
 f - a scroll of fear {unknown}
 i - 2 scrolls of teleportation {unknown}
 j - 3 scrolls of identify {unknown}
 k - a scroll of enchant weapon {unknown}
 m - a scroll of amnesia {unknown}
 n - a scroll of fog {unknown}
 o - a scroll of blinking {unknown}
Books
 b - a book of Flames

   Spells                             Type                      Level
   a - Flame Tongue                   Conjuration/Fire             1
   b - Throw Flame                    Conjuration/Fire             2
   c - Conjure Flame                  Conjuration/Fire             3
   d - Inner Flame                    Hexes/Fire                   3
   e - Sticky Flame                   Conjuration/Fire             4
   f - Fireball                       Conjuration/Fire             5
Comestibles
 c - 4 rations
 d - 6 chunks of flesh


   Skills:
 + Level 1.4 Fighting
 - Level 1.7 Dodging
 - Level 1.7 Stealth
 * Level 3.2 Spellcasting
 + Level 2.1 Conjurations
 + Level 3.3 Fire Magic


You had 3 spell levels left.
You knew the following spells:

 Your Spells              Type           Power        Failure   Level  Hunger
a - Flame Tongue          Conj/Fire      ##...        6%          1    None
b - Throw Flame           Conj/Fire      ##....       9%          2    ##.....
c - Conjure Flame         Conj/Fire      ##......     19%         3    ###....


Dungeon Overview and Level Annotations

Branches:
Dungeon (2/15)

Altars:


Innate Abilities, Weirdness & Mutations

You are partially covered in sharp spines.
When hurt, damage is shared between your health and your magic reserves.


Message History

The kobold is heavily wounded.
The kobold is struck by your spines.
You kill the kobold!
You see here a kobold corpse.
An ogre comes into view. It is wielding a giant club.
Found a stone staircase leading down.
An ogre is nearby!
The ogre is struck by your spines. The ogre barely misses you.
You barely miss the ogre.
The ogre is lightly wounded.
You hit the ogre but do no damage.
The ogre is lightly wounded.
The ogre is struck by your spines. The ogre hits you with a giant club!!
Ouch! That really hurt!
* * * LOW HITPOINT WARNING * * *
You hit the ogre.
The ogre is lightly wounded.
The ogre hits you with a giant club!!
Ouch! That really hurt!
You die...

##........# ....#####.##
#. ###.# ..###. # #.##
#..... # #..## #.. ..
###...#####.# #.## .
..........#.# ..######.#
............####O#.......
....<..........#@........
............##.†.........
............#####........
............## #..#...##
.......(.....####.....##
...................#..#
......([..(###.....>....
....#.....## ##........
#.##....### ##........


You could see an ogre.

Vanquished Creatures
  Jessica (D:2)
  A gnoll (D:1)
  An adder (D:2)
  An ooze (D:1)
  A worm (D:2)
  A dart slug (D:1)
  2 leopard geckos
  7 goblins
  6 hobgoblins (D:1)
  10 jackals
  7 kobolds
  A ball python (D:2)
  4 bats
  4 frilled lizards
  8 rats
55 creatures vanquished.

Notes
Turn   | Place    | Note
-------+----------+-------------------------------------------
     0 | D:1      | CanOfBees the Demonspawn Fire Elementalist began the quest for the Orb.
     0 | D:1      | Reached XP level 1. HP: 13/13 MP: 3/3
   594 | D:1      | Gained mutation: You are partially covered in sharp spines. [demonic ancestry]
   594 | D:1      | Reached XP level 2. HP: 14/19 MP: 5/5
  1194 | D:1      | Reached XP level 3. HP: 21/25 MP: 1/7
  1776 | D:2      | Reached skill level 1 in Fighting
  2001 | D:2      | Learned a level 2 spell: Throw Flame
  2005 | D:2      | Learned a level 3 spell: Conjure Flame
  2314 | D:2      | Gained mutation: When hurt, damage is shared between your health and your magic reserves. [demonic ancestry]
  2314 | D:2      | Reached XP level 4. HP: 30/32 MP: 1/8
  2471 | D:2      | Noticed Jessica
  2482 | D:2      | Killed Jessica
  2547 | D:2      | Noticed an ogre
  2552 | D:2      | Mangled by an ogre

Skill      XL: |  1  2  3  4 |
---------------+-------------+-----
Fire Magic     | 3 |  3.3
Fighting       | 1 |  1.4
Spellcasting   | 3 |  3.2
Conjurations   | 2 |  2.1
Dodging        | |  1.7
Stealth        | |  1.7

Action                   |  1- 3 |  4- 6 || total
-------------------------+-------+-------++-------
Melee: Club              |    15 |       ||    15
       Spear             |    83 |    29 ||   112
 Cast: Flame Tongue      |    26 |     2 ||    28
       Throw Flame       |     6 |     3 ||     9
       Conjure Flame     |       |     1 ||     1
 Stab: Sleeping          |     3 |       ||     3
  Eat: Chunk             |     5 |     1 ||     6
Armor: Robe              |    22 |     4 ||    26
Dodge: Dodged            |    89 |     9 ||    98
